Selects Advanced Infantry Battlegroup
Selects Convert to Ranger Squad
Construct Weapon Support Center
Selects Frontline Medical Station
Frontline Medical Station
Improved M9 Bazooka Rockets
Selects Artillery Observers
M18 Hellcat Tank Destroyer
M4(105) Sherman Bulldozer
M18 Hellcat Tank Destroyer
Selects M2A1 105mm Howitzer Emplacement
M18 Hellcat Tank Destroyer
Selects 155mm Rapid Artillery Barrage
M18 Hellcat Tank Destroyer
Selects 155mm Rapid Artillery Barrage